 Dungeon Crawl Stone Soup version 0.24-a0-205-g1d96822 (webtiles) character file.

Game seed: 16839753069569918691

263 Ijustatesigmund the Cudgeler (level 6, -7/42 HPs)
             Began as an Octopode Monk on Mar 28, 2019.
             Was a Believer of Cheibriados.
             Mangled by an ogre
             ... wielding a +0 giant spiked club
              (23 damage)
             ... on level 4 of the Dungeon.
             The game lasted 00:06:21 (3484 turns).

Ijustatesigmund the Cudgeler (Octopode Monk)        Turns: 3484, Time: 00:06:22

Health: -7/42      AC:  1    Str: 14    XL:     6   Next: 19%
Magic:  6/6        EV: 15    Int: 16    God:    Cheibriados [**....]
Gold:   185        SH:  0    Dex: 21    Spells: 5/5 levels left

rFire    . . .     SeeInvis .   a - +0 mace
rCold    . . .     Gourm    .   (no shield)
rNeg     . . .     Faith    .   (helmet restricted)
rPois    .         Spirit   .   (no amulet)
rElec    .         Reflect  .   (no ring)
rCorr    .         Harm     .   (no ring)
MR       .....                  (no ring)
Stlth    ++++......             (no ring)
HPRegen  0.14/turn              (no ring)
MPRegen  0.10/turn              (no ring)
                                (no ring)
                                (no ring)

@: very slow
A: almost no armour, stealthy swim, amphibious, 8 rings, constrict 8, camouflage
1, gelatinous body 1
a: Bend Time, Renounce Religion


You were on level 4 of the Dungeon.
You worshipped Cheibriados.
Cheibriados was pleased with you.
You were not hungry.

You visited 1 branch of the dungeon, and saw 4 of its levels.

You collected 185 gold pieces.

Inventory:

Hand Weapons
 a - a +0 mace (weapon)
Wands
 e - a wand of iceblast (9)
 o - a wand of polymorph (8)
Scrolls
 f - 3 scrolls of teleportation
 i - a scroll of remove curse
 l - a scroll of amnesia
 p - a scroll of blinking {unknown}
Potions
 c - 2 potions of heal wounds
 d - 3 potions of curing
 g - a potion of might
 h - a potion of agility
 j - a potion of berserk rage
 k - a potion of brilliance {unknown}
 m - a potion of cancellation {unknown}
Comestibles
 b - 2 rations


   Skills:
 + Level 3.1 Fighting
 + Level 6.3 Maces & Flails
 + Level 3.1 Dodging
 - Level 3.4 Stealth
 + Level 0.6 Invocations


You had 5 spell levels left.
You didn't know any spells.
Your spell library was empty.

Dungeon Overview and Level Annotations

Branches:
Dungeon (4/15)
 Temple: D:4-7

Altars:
Cheibriados
Fedhas
Nemelex Xobeh
Ru


Innate Abilities, Weirdness & Mutations

You cannot wear most types of armour.
You are very stealthy in the water. (Stealth+)
You are amphibious.
You can wear up to eight rings at the same time.
You can use your tentacles to constrict eight enemies at once.
Your skin changes colour to match your surroundings (Stealth+).
Your rubbery body absorbs attacks. (AC +1, EV +1)


Message History

Pain shoots through your body!
You are too injured to fight recklessly!
You are too injured to fight recklessly!
You are too injured to fight recklessly!
You are too injured to fight recklessly!
You are too injured to fight recklessly!
You are too injured to fight recklessly!
You are too injured to fight recklessly!
You are too injured to fight recklessly!
You are too injured to fight recklessly!
You are too injured to fight recklessly!
You are too injured to fight recklessly!
You are too injured to fight recklessly!
You are too injured to fight recklessly!
You are too injured to fight recklessly!
Unknown command.
You release your grip on the orc priest.
The ogre hits you with a +0 giant spiked club!!
Ouch! That really hurt!
You die...

#.##..........
#.#......#..#
#.##..#..#..#####
#.##..#...(†(.<.#
#...........###...
####..####.## ###
#..........# .##
####.##.##.####
.....#ooO@...##.#
.....Z.o#....# #
.###......#.##
#...o.#....
#...##.......
...#. .#.##.#
....#. .... .#
.### ## #.## # .#


You could see an ogre, 2 orc priests, 2 orcs and a quokka skeleton.

Vanquished Creatures
  Terence (D:2)
  Natasha (thrice) (D:3)
  A worker ant zombie (D:2)
  A gnoll (D:1)
  5 adders
  An ooze (D:3)
  An adder skeleton (D:4)
  5 worms
  4 leopard geckos
  3 orcs
  4 bats
  A giant cockroach (D:2)
  9 goblins
  8 hobgoblins
  9 jackals
  8 kobolds
  A ball python (D:1)
  5 frilled lizards
  6 rats
76 creatures vanquished.

Notes
Turn   | Place    | Note
-------+----------+-------------------------------------------
     0 | D:1      | Ijustatesigmund the Octopode Monk began the quest for the
                  | Orb.
     0 | D:1      | Reached XP level 1. HP: 16/16 MP: 1/1
    49 | D:1      | Reached XP level 2. HP: 8/21 MP: 2/2
   936 | D:1      | Reached XP level 3. HP: 7/26 MP: 3/3
  1480 | D:2      | Reached skill level 4 in Maces & Flails
  1893 | D:2      | Reached XP level 4. HP: 31/31 MP: 4/4
  1927 | D:2      | Noticed Terence
  1936 | D:2      | Killed Terence
  1940 | D:2      | Reached skill level 5 in Maces & Flails
  2260 | D:2      | Reached XP level 5. HP: 31/36 MP: 5/5
  2416 | D:2      | Found a faded altar of an unknown god.
  2884 | D:3      | Found a sparkling altar of Nemelex Xobeh.
  3072 | D:3      | Found a blossoming altar of Fedhas.
  3083 | D:3      | Found a sacrificial altar of Ru.
  3178 | D:3      | Noticed Natasha
  3186 | D:3      | Killed Natasha
  3186 | D:3      | Reached skill level 6 in Maces & Flails
  3203 | D:3      | Found a snail-covered altar of Cheibriados.
  3215 | D:3      | Noticed Natasha
  3222 | D:3      | Killed Natasha
  3222 | D:3      | Reached XP level 6. HP: 42/42 MP: 6/6
  3231 | D:3      | Became a worshipper of Cheibriados the Contemplative
  3231 | D:3      | Reached * piety under Cheibriados
  3231 | D:3      | Reached ** piety under Cheibriados
  3311 | D:3      | Noticed Natasha
  3336 | D:3      | Killed Natasha
  3484 | D:4      | Mangled by an ogre

Levels and vault maps discovered:
D:1:      co_arrival_random_square_maze, layout_loops_cross, fountainhead
D:2:      layout_loops_ring, chequers_ecumenical_altar_simple,
          roderic_roman_lattice, uniq_terence
D:3:      layout_loops_cross, nicolae_ru_sacrificial_ziggurat,
          nemelex_xobeh_ov_fountains_minmay, cheibriados_altar_1,
          fedhas_altar_2, first_ration, uniq_natasha
D:4:      layout_loops_cross, kennysheep_mini_moat, kennysheep_mini,
          lemuel_round_altar, gammafunk_temple_overflow_claw

Skill      XL: |  1  2  3  4  5 |
---------------+----------------+-----
Stealth        | 3 |  3.4
Maces & Flails | 4 5 6 |  6.3
Fighting       | |  3.1
Dodging        | |  3.1
Invocations    | |  0.6

Action                   |  1- 3 |  4- 6 || total
-------------------------+-------+-------++-------
Melee: Mace              |    56 |   116 ||   172
       Constrict         |    15 |    32 ||    47
       Tentacles         |    17 |    20 ||    37
  Use: Scroll            |     4 |     6 ||    10
       Potion            |       |     3 ||     3
 Stab: Sleeping          |     9 |    14 ||    23
       Distracted        |       |     1 ||     1
  Eat: Ration            |     1 |       ||     1
       Chunk             |       |     4 ||     4
Armor: Skin              |     2 |    10 ||    12
Dodge: Dodged            |    32 |   102 ||   134

Table legend:
 A = Non-vault XP
 B = Vault XP
 C = Vault XP percentage of total XP
 D = Non-vault monster count
 E = Vault monster count
 F = Vault count percentage of total count
                 A         B        C        D         E       F
            +---------+---------+-------+---------+---------+-------
      Total |     307 |      69 |  18.4 |      74 |       2 |   2.6
            +---------+---------+-------+---------+---------+-------
        D:1 |      53 |       0 |   0.0 |      23 |       0 |   0.0
        D:2 |     113 |      36 |  24.2 |      24 |       1 |   4.0
        D:3 |     128 |      33 |  20.5 |      24 |       1 |   4.0
        D:4 |      13 |       0 |   0.0 |       3 |       0 |   0.0
            +---------+---------+-------+---------+---------+-------
